AoeStats
← Reis

Arena

507785998Analyzed
4v4 RM · 13d ago on Sep 19, 2026· 33m 14s· 8 players
Game mode
Random Map
Map size
Large (8 player)
Population
200
Speed
Normal
Resources
Standard
Victory
Conquest
Starting age
Dark Age
Ending age
Imperial Age
RankedLock teamsTeams togetherTeam positionsShared explorationLock speedFull tech treeHidden civsTurbo modeCheats
Victory
Defeat
🇩🇪 Turks · Germany
1461
+12
🇳🇴 Bohemians · Norway
1455
+12
🇦🇷 Slavs · Argentina
1433
+13
🇳🇱 Teutons · Netherlands
1354
+15
🇭🇰 Khmer · Hong Kong SAR China
1406
-15
🇨🇳 Italians · China
1382
-14
🇨🇭 Bulgarians · Switzerland
1339
-12
🇨🇳 Franks · China
1320
-11
福州黄轩
10:23 Feudal Age
13:43 Castle Age
11:57 Double-Bit Axe
12:32 Horse Collar
15:24 Bow Saw
21:17 Wheelbarrow
23:44 Gold Mining
23:58 Heavy Plow
27:42 Imperial Age
25:37 Loom
27:06 Bloodlines
26:56 Husbandry
27:41 Gold Shaft Mining
27:52 Light Cavalry
29:08 Forging
29:24 Scale Barding Armor
30:11 Conscription
29:54 Tusk Swords
29:53 Hussar
The Long Dark
5:02 Loom
11:38 Feudal Age
15:17 Castle Age
13:07 Double-Bit Axe
14:05 Stone Mining
14:01 Horse Collar
16:08 Bow Saw
16:46 Heavy Plow
21:43 Gold Mining
26:59 Imperial Age
25:30 Scale Mail Armor
25:40 Forging
羊了个羊
10:33 Feudal Age
14:47 Castle Age
13:02 Double-Bit Axe
24:42 Wheelbarrow
23:54 Loom
26:03 Bow Saw
29:19 Imperial Age
26:56 Scale Barding Armor
27:02 Forging
27:41 Hand Cart
27:24 Gold Mining
27:25 Stone Mining
28:02 Husbandry
29:23 Gold Shaft Mining
29:56 Chain Barding Armor
30:12 Iron Casting
29:26 Cavalier
30:42 Conscription
Reis
10:11 Feudal Age
15:17 Castle Age
15:00 Loom
17:53 Scale Barding Armor
19:55 Fletching
21:29 Bodkin Arrow
eraycoskun33
10:56 Feudal Age
11:27 Double-Bit Axe
13:40 Loom
16:05 Castle Age
16:13 Double-Bit Axe
16:10 Horse Collar
23:01 Loom
32:51 Bow Saw
33:35 Padded Archer Armor
[BadStart] The Shadow
10:47 Feudal Age
14:34 Castle Age
12:22 Double-Bit Axe
12:23 Horse Collar
16:22 Bow Saw
16:39 Heavy Plow
19:39 Wheelbarrow
21:13 Sanctity
22:41 Hand Cart
24:36 Loom
24:39 Town Watch
27:53 Imperial Age
25:39 Scale Mail Armor
26:21 Forging
26:00 Pikeman
26:40 Squires
26:57 Chain Mail Armor
28:07 Iron Casting
29:24 Plate Mail Armor
28:15 Halberdier
28:26 Capped Ram
30:00 Conscription
31:09 Blast Furnace
32:27 Druzhina
Tomato
10:34 Feudal Age
15:26 Castle Age
13:38 Loom
14:32 Bloodlines
15:25 Wheelbarrow
15:50 Scale Barding Armor
15:58 Forging
17:58 Scale Barding Armor
22:31 Double-Bit Axe
22:33 Horse Collar
24:09 Fervor
24:27 Gold Mining
24:57 Bow Saw
24:49 Heavy Plow
25:55 Town Watch
26:43 Chain Barding Armor
28:07 Hand Cart
27:52 Town Patrol
30:02 Iron Casting
31:52 Stone Mining
Arzach
11:57 Feudal Age
15:45 Castle Age
14:03 Double-Bit Axe
14:12 Horse Collar
18:19 Fervor
22:41 Imperial Age
20:52 Sanctity
22:26 Redemption
23:53 Illumination
23:47 Block Printing
29:42 Illumination
29:53 Theocracy
30:17 Wheelbarrow
31:47 Bow Saw
32:47 Hand Cart
32:21 Loom
Connection lost

Rejoining the realm…

Still unreachable

The connection could not be restored.

Session expired

The server has moved on; the page needs a fresh start.